 Dungeon Crawl Stone Soup version 0.17-a0-1972-g3149b6f (webtiles) character file.

5670 truemonolith the Grappler (level 10, -12/94 HPs)
             Began as a Troll Monk on Oct 4, 2015.
             Mangled by a komodo dragon (26 damage)
             ... on level 1 of the Lair of Beasts.
             The game lasted 00:20:16 (8266 turns).

truemonolith the Grappler (Troll Monk)              Turns: 8266, Time: 00:20:16

Health: -12/94     AC:  8    Str: 24    XL:     10   Next: 47%
Magic:  9/9        EV: 13    Int:  6    God:
Gold:   196        SH:  0    Dex: 12    Spells: 0 memorised, 9 levels left

rFire  . . .     SeeInvis .       - Unarmed
rCold  . . .     Clarity  .     M - swamp dragon hide
rNeg   . . .     SustAt   .     (no shield)
rPois  +         Gourm    +     (helmet restricted)
rElec  .         Spirit   .     b - +1 cloak {rPois}
rCorr  .         Warding  .     (gloves unavailable)
rMut   .         Stasis   .     (boots unavailable)
MR     .....                    (no amulet)
Stlth  +.........               (no ring)
                                (no ring)

@: not resistant to hostile enchantments, very unstealthy
A: unfitting armour, claws 3, fast metabolism 3, gourmand, regeneration 2,
shaggy fur 1, tough skin 2
a: no special abilities


You were on level 1 of the Lair of Beasts.
You were hungry.

You visited 3 branches of the dungeon, and saw 10 of its levels.

You collected 596 gold pieces.
You spent 400 gold pieces at shops.

Inventory:

Armour
 a - a +0 robe
 b - a +1 cloak of poison resistance (worn)
 x - the +1 robe "Enieckase" {rF+++ Int-4 Stlth-}
   (You found it on level 6 of the Dungeon)

   It affects your intelligence (-4).
   It renders you almost immune to fire.
   It makes you less stealthy.
 M - a swamp dragon hide (worn)
Jewellery
 f - an uncursed amulet of stasis {unknown}
 g - an uncursed ring of sustain attributes {unknown}
 l - a cursed ring of loudness {unknown}
 q - an uncursed amulet of faith {unknown}
 z - a cursed -3 ring of dexterity {unknown}
 D - an uncursed ring of ice {unknown}
 F - an uncursed amulet of warding
 N - an uncursed ring of protection from magic {unknown}
 O - an uncursed ring of stealth {unknown}
 U - an uncursed ring of positive energy {unknown}
Wands
 h - a wand of heal wounds (9)
 o - a wand of random effects (24)
 p - a wand of enslavement (11)
 r - a wand of confusion (26)
 y - a wand of confusion (17)
 B - a wand of draining (7)
 E - a wand of random effects (24)
 H - a wand of flame (15)
 V - a wand of lightning (2)
Scrolls
 c - 6 scrolls of identify
 d - a scroll of noise
 e - 2 scrolls of teleportation
 j - 2 scrolls of immolation
 t - a scroll of fear
 u - a scroll of random uselessness
 v - a scroll of enchant weapon
 w - 2 scrolls of remove curse
 C - 2 scrolls of magic mapping
 K - a scroll of recharging
 Q - a scroll of summoning
 T - a scroll of amnesia
Potions
 i - 2 potions of curing
 k - a potion of magic {unknown}
 m - 3 potions of heal wounds {unknown}
 n - 2 potions of flight {unknown}
 A - a potion of haste {unknown}
 G - a potion of beneficial mutation {unknown}
 I - a potion of might {unknown}
 J - a potion of degeneration {unknown}
Books
 S - a book of Debilitation

   Spells                             Type                      Level
   a - Corona                         Hexes                        1
   b - Slow                           Hexes                        2
   c - Gell's Gravitas                Hexes/Translocation          3
   d - Inner Flame                    Hexes/Fire                   3
   e - Cause Fear                     Hexes                        4
   f - Leda's Liquefaction            Hexes/Earth                  4
Comestibles
 s - a slice of pizza
 L - a bread ration
 R - 8 fruits


   Skills:
 + Level 4.5 Fighting
 - Level 10.0 Dodging
 - Level 1.1 Stealth
 - Level 10.5 Unarmed Combat


You had 9 spell levels left.
You didn't know any spells.

Dungeon Overview and Level Annotations

Branches:
Dungeon (8/15)             Temple (1/1) D:5            Lair (1/8) D:8

Altars:
Elyvilon
Fedhas
Kikubaaqudgha
Makhleb
Nemelex Xobeh
Okawaru
Qazlal
Ru
Sif Muna
Trog
Vehumet
Xom
Zin
The Shining One

Shops:
D:5 *


Innate Abilities, Weirdness & Mutations

You are too large for most types of armour.
You have claws for hands.
Your metabolism is lightning-fast.
You like to eat raw meat.
You heal very quickly.
You are covered in fur (AC +1).
You have very tough skin (AC +2).


Message History

You claw the komodo dragon!
The komodo dragon is moderately wounded.
The komodo dragon bites you.
You claw the komodo dragon!
The komodo dragon is severely wounded.
You claw the komodo dragon!
The komodo dragon is almost dead.
The komodo dragon bites you!!
You closely miss the komodo dragon.
The komodo dragon is almost dead.
The komodo dragon bites you!!
You barely miss the komodo dragon.
The komodo dragon is almost dead.
The komodo dragon bites you!
* * * LOW HITPOINT WARNING * * *
You are too injured to fight recklessly!
You completely miss the komodo dragon.
The komodo dragon is almost dead.
The komodo dragon bites you!!
You die...

#(#.......P......
#....#.#.........
##.##...#.........
#..........##.....
####..#...........
##.###..#P..... ####.#
#..##.#...
##.#..###..##..#..
###@................
#.l+##...#...###...#
#......####...# #.###
#...........#...###.###
#......#......##........
#..#.#.......#..##.......
.. ..........##..#.>.....
. .. .⌠...⌠...#..#.##.##.
.......>.....#....##....


You could see a komodo dragon.

Vanquished Creatures
  Pikel (D:4)
  The ghost of Duffy the Charlatan, a novice DsAs (D:5)
  A slime creature (D:7)
  Sigmund (D:2)
  A wyvern (D:8)
  A basilisk (Lair:1)
  A hungry ghost (D:8)
  Eustachio (D:5)
  4 hippogriffs
  Menkaure (D:4)
  Edmund (D:4)
  A porcupine (Lair:1)
  A slave (D:4)
  An orc warrior (D:8)
  A water moccasin (Lair:1)
  2 ogres
  2 sky beasts (D:8)
  An ice beast (D:5)
  A phantom (D:6)
  2 centaurs
  A crocodile (Lair:1)
  Blork the orc (D:4)
  A gnoll sergeant (D:5)
  4 giant frogs
  6 killer bees (D:8)
  A centaur zombie (D:5)
  3 hounds
  A giant frog zombie (D:7)
  4 crimson imps
  4 orc priests
  10 jellies
  Crazy Yiuf (D:5)
  A giant frog skeleton (D:5)
  2 iguanas
  3 orc wizards
  Terence (D:3)
  Natasha (thrice) (D:3)
  8 worker ants
  A killer bee zombie (D:5)
  3 gnolls (D:5)
  2 hound skeletons
  A worker ant zombie (D:8)
  4 shadow imps
  15 adders
  14 oozes
  4 worms
  7 giant geckos
  28 orcs
  6 giant cockroaches
  8 hobgoblins
  16 jackals
  6 quokkas
  7 bats
  6 giant newts
  6 goblins
  9 kobolds
  9 rats
233 creatures vanquished.

Vanquished Creatures (others)
  An ogre (D:4)
  A slave (D:4)
  A ball python (D:4)
  A jackal (D:4)
  6 fungi (D:7)
10 creatures vanquished.

Grand Total: 243 creatures vanquished

Notes
Turn   | Place    | Note
--------------------------------------------------------------
     0 | D:1      | truemonolith the Troll Monk began the quest for the Orb.
     0 | D:1      | Reached XP level 1. HP: 22/22 MP: 0/0
    53 | D:1      | Noticed a big kobold
    53 | D:1      | Noticed a big kobold
    55 | D:1      | Noticed a big kobold
    61 | D:1      | Noticed a big kobold
    79 | D:1      | Reached XP level 2. HP: 27/29 MP: 1/1
   610 | D:2      | Noticed Sigmund
   612 | D:2      | Reached skill level 5 in Unarmed Combat
   612 | D:2      | Reached XP level 3. HP: 36/36 MP: 2/2
   623 | D:2      | Killed Sigmund
   623 | D:2      | Reached skill level 6 in Unarmed Combat
   623 | D:2      | Reached XP level 4. HP: 2/44 MP: 3/3
   623 | D:2      | Reached XP level 5. HP: 2/50 MP: 4/4
  1124 | D:2      | Reached skill level 7 in Unarmed Combat
  1555 | D:3      | Reached XP level 6. HP: 55/59 MP: 5/5
  1770 | D:3      | Noticed Terence
  1777 | D:3      | Killed Terence
  1788 | D:3      | Noticed Natasha
  1793 | D:3      | Killed Natasha
  1961 | D:3      | Noticed Natasha
  1965 | D:3      | Killed Natasha
  1991 | D:3      | Reached skill level 8 in Unarmed Combat
  2257 | D:3      | Noticed Natasha
  2260 | D:3      | Killed Natasha
  2562 | D:4      | Noticed Pikel
  2616 | D:4      | Killed Pikel
  2616 | D:4      | Reached skill level 10 in Unarmed Combat
  2616 | D:4      | Reached XP level 7. HP: 20/66 MP: 6/6
  2754 | D:4      | Found a glowing drain.
  2761 | D:4      | Noticed Blork the orc
  2775 | D:4      | Killed Blork the orc
  2775 | D:4      | Reached XP level 8. HP: 72/74 MP: 7/7
  2813 | D:4      | Noticed Edmund
  2830 | D:4      | Killed Edmund
  3204 | D:4      | Noticed Menkaure
  3212 | D:4      | Killed Menkaure
  3259 | D:5      | Entered Level 5 of the Dungeon
  3261 | D:5      | Noticed Duffy's ghost (novice DsAs)
  3560 | D:5      | HP: 3/74 [gnoll/spear (5)]
  3841 | D:5      | Found a deep blue altar of Sif Muna.
  3955 | D:5      | Killed Duffy's ghost
  3955 | D:5      | Reached skill level 5 in Dodging
  4014 | D:5      | Noticed Eustachio
  4112 | D:5      | Killed Eustachio
  4112 | D:5      | Reached XP level 9. HP: 78/80 MP: 8/8
  4188 | D:5      | Found a staircase to the Ecumenical Temple.
  4273 | Temple   | Entered the Ecumenical Temple
  4435 | D:5      | Found Ecehyawi's Serpentskin Sales.
  4741 | D:5      | Noticed Crazy Yiuf
  4747 | D:5      | Killed Crazy Yiuf
  5200 | D:6      | Got a fine robe
  5211 | D:6      | Identified the +1 robe "Enieckase" {rF+++ Int-4 Stlth-} (You found it on level 6 of the Dungeon)
  6456 | D:7      | Found a white marble altar of Elyvilon.
  7075 | D:5      | Bought a swamp dragon hide for 400 gold pieces
  7370 | D:8      | Reached XP level 10. HP: 81/88 MP: 9/9
  7706 | D:8      | Reached skill level 10 in Dodging
  7938 | D:8      | Found a staircase to the Lair.
  7948 | Lair:1   | Entered Level 1 of the Lair of Beasts
  8266 | Lair:1   | Mangled by a komodo dragon

Vault maps used:
D:1:      erik_arrival_cave_to_civilisation
D:2:      lemuel_upstairs_altar, first_bread, serial_bayou_pond_e,
          glass_columns_b, uniq_sigmund
D:3:      grunt_ministairs_11, uniq_terence, uniq_natasha
D:4:      gup_sewer_entry_glass, uniq_menkaure, uniq_edmund, uniq_blork_the_orc,
          uniq_pikel
D:5:      led_sif_book, minmay_temple_entry_enclosed_plants,
          hangedman_abyss_or_decor_lesser_grid, grunt_decor_fettered,
          guppyfry_shop_venom, uniq_crazy_yiuf_cottage, uniq_eustachio
D:6:      corexii_checkpoint_a, kennysheep_generic_room_9
D:7:      lemuel_slime, kennysheep_little_box
D:8:      lair_0_dummy
Temple:   circular_temple_12
Lair:1:   grunt_megastairs_2, lemuel_fruit_tree

Action                   |  1- 3 |  4- 6 |  7- 9 | 10-12 || total
-------------------------+-------+-------+-------+-------++-------
Melee: Unarmed           |    87 |   186 |   304 |   123 ||   700
  Use: Scroll            |       |       |    12 |       ||    12
       Potion            |       |       |     1 |       ||     1
 Stab: Sleeping          |     1 |     3 |     1 |       ||     5
  Eat: Chunk             |     1 |    12 |     9 |    10 ||    32
       Bread ration      |     1 |     1 |     5 |       ||     7
       Fruit             |       |     1 |     3 |       ||     4
       Pizza             |       |     1 |       |       ||     1
       Meat ration       |       |       |     1 |       ||     1
       Beef jerky        |       |       |     1 |       ||     1
